 Dungeon Crawl Stone Soup version 0.29-a0-275-g389c0b56f3 (webtiles) character file.

Game seed: 11012001301193914777

57132 enile the Prestidigitator (level 15, -8/133 (144) HPs)
             Began as a Kobold Wanderer on Mar 12, 2022.
             Was an Elder of Wu Jian.
             Mangled by a death yak simulacrum (19 damage)
             ... on level 6 of the Lair of Beasts.
             The game lasted 01:04:51 (36061 turns).

enile the Prestidigitator (Kobold Wanderer)        Turns: 36061, Time: 01:04:51

HP:   -8/133 (144)  AC:  6    Str: 15    XL:     15   Next: 24%
MP:   0/24          EV: 19    Int: 18    God:    Wu Jian [****..]
Gold: 397           SH:  0    Dex: 12    Spells: 22/26 levels left

rFire   x . .      SeeInvis .   T - +11 falchion of Diet Blood {vorpal, +Blink rElec rCorr}
rCold   + . .      Faith    .   H - orb {*Rage}
rNeg    . . .      Spirit   +   a - +0 troll leather armour
rPois   +          Reflect  .   D - +2 hat {Stlth+}
rElec   +          Harm     .   l - scarf {+Inv}
rCorr   +          Rampage  .   (no gloves)
Will    ++...      Rage     20% (no boots)
Stlth   ..........              t - amulet of guardian spirit
HPRegen 1.12/turn               C - ring of ice
MPRegen 0.19/turn               V - ring of Deuneka {+Blink rPois Will+}

@: berserking, very slightly contaminated, drained, invisible, very quick
A: small, no large weapons, nightstalker 3
a: Renounce Religion, Evoke Blink, Evoke Invisibility, Wall Jump, Serpent's Lash


You were on level 6 of the Lair of Beasts.
You worshipped Wu Jian.
Wu Jian was greatly pleased with you.
You visited 3 branches of the dungeon, and saw 22 of its levels.

You collected 1383 gold pieces.
You spent 986 gold pieces at shops.

Inventory:

Hand Weapons
 d - a +3 scimitar of flaming
 u - a +5 morningstar of flaming
 A - the +1 quarterstaff of the Lamprey {pain, rPois rF+ rN+ Will+}
   (You found it on level 12 of the Dungeon)

   In the hands of one skilled in necromantic magic, it inflicts extra damage on
   living creatures.
   rF:        It protects you from fire.
   rPois:     It protects you from poison.
   rN:        It protects you from negative energy.
   Will:      It increases your willpower.
 S - a +3 scimitar of freezing
 T - the +11 falchion of Diet Blood (weapon) {vorpal, +Blink rElec rCorr}
   (You found it on level 4 of the Lair of Beasts)

   It inflicts extra damage upon your enemies.
   rElec:     It insulates you from electricity.
   +Blink:    It lets you blink.
   rCorr:     It protects you from acid and corrosion.
 X - a +0 demon whip of venom
Missiles
 k - 3 curare-tipped darts (quivered)
Armour
 a - a +0 troll leather armour (worn)
 f - a +2 hat
 l - a scarf of invisibility (worn)
 r - the +1 cloak "Laoxkus" {Str+5}
   (You found it on level 3 of the Dungeon)

   Str:       It affects your strength (+5).
 B - +0 acid dragon scales
 D - a +2 hat of stealth (worn)
 E - a +2 robe of cold resistance
 G - a +0 robe of willpower
 H - an orb of wrath (worn)
 M - a +2 leather armour of fire resistance
Jewellery
 g - a +6 ring of dexterity
 i - a +6 ring of strength
 t - an amulet of guardian spirit (around neck)
 w - a ring of magical power
 C - a ring of ice (left hand)
 J - a ring of see invisible
 P - a ring of fire
 Q - a ring of positive energy
 R - a ring of willpower
 V - the ring of Deuneka (right hand) {+Blink rPois Will+}
   (You bought it in a shop on level 6 of the Dungeon)

   [ring of poison resistance]

   rPois:     It protects you from poison.
   +Blink:    It lets you blink.
   Will:      It increases your willpower.
Wands
 c - a wand of polymorph (2)
 I - a wand of mindburst (5)
Scrolls
 b - a scroll of fog
 j - 4 scrolls of magic mapping
 n - a scroll of enchant armour
 y - 5 scrolls of immolation
 z - 5 scrolls of vulnerability
 F - a scroll of silence
 L - 3 scrolls of enchant weapon
 O - 5 scrolls of amnesia
 U - 6 scrolls of identify
 Z - 3 scrolls of brand weapon
Potions
 h - 9 potions of curing
 m - a potion of might
 o - a potion of cancellation
 p - 4 potions of flight
 q - 4 potions of attraction {unknown}
 s - 4 potions of magic
 v - a potion of resistance
 x - 3 potions of heal wounds
 K - a potion of mutation {unknown}
 N - 2 potions of brilliance {unknown}
 Y - 5 potions of lignification
Miscellaneous
 W - a phial of floods (inert)


   Skills:
 - Level 12.0 Fighting
 - Level 6.5(8.1) Short Blades
 + Level 4.6(5.4) Long Blades
 - Level 6.0 Maces & Flails
 - Level 2.0 Armour
 - Level 12.0 Dodging
 - Level 11.0 Stealth
 - Level 6.0 Spellcasting
 - Level 5.0 Transmutations
 - Level 8.0 Fire Magic
 - Level 8.0 Poison Magic
 - Level 14.0 Evocations


You had 22 spell levels left.
You knew the following spells:

 Your Spells              Type           Power      Damage    Failure   Level
a - Sting                 Tmut/Pois      100%       1d8       1%          1
b - Ignite Poison         Fire/Tmut/Pois 30%        N/A       2%          3

Your spell library contained the following spells:

 Spells                   Type           Power      Damage    Failure   Level
 Animate Skeleton         Necr           10%        N/A       14%         1
 Pain                     Necr           20%        1d5       14%         1
 Static Discharge         Conj/Air       5%         N/A       22%         2
 Dazzling Flash           Conj/Hex       10%        N/A       41%         3
 Gell's Gravitas          Tloc           5%         N/A       41%         3
 Lesser Beckoning         Tloc           5%         N/A       41%         3
 Ozocubu's Armour         Ice            8%         N/A       41%         3
 Teleport Other           Tloc           5%         N/A       41%         3
 Vampiric Draining        Necr           5%         2d6       41%         3
 Animate Dead             Necr           2%         N/A       82%         4
 Borgnjor's Vile Clutch   Necr/Erth      2%         N/A       99%         5
 Death Channel            Necr           2%         N/A       100%        6
 Ozocubu's Refrigeration  Ice            4%         4d5       100%        7


Dungeon Overview and Level Annotations

Branches:
Dungeon (15/15)            Temple (1/1) D:6            Lair (6/6) D:11
 Shoals (0/4) Lair:2       Spider (0/4) Lair:4        Slime (0/5) Lair:6
    Orc (0/2) D:11
 Vaults: D:13-14     Depths: D:15

Altars:
Cheibriados
Dithmenos
Elyvilon
Fedhas
Gozag
Nemelex Xobeh
Okawaru
Ru
Trog
Uskayaw
Wu Jian
Yredelemnul
The Shining One

Shops:
D:1 [   D:4 =   D:5 ?   D:6 =[=[:   D:8 *   D:9 *   D:10 *   D:14 **

Annotations:
D:7 exclusion: gargoyle
D:8 3 runed translucent doors
D:12 Rupert
D:13 Sonja


Innate Abilities, Weirdness & Mutations

You are small and have problems with some larger weapons.
You are completely attuned to the shadows.


Message History

The death yak barely misses you.
You feel stable enough to blink again. The cane toad simulacrum misses you.
You spin and attack the cane toad simulacrum.
A red film seems to cover your vision as you go berserk!
You feel yourself moving faster!
You feel mighty!
You hit the cane toad simulacrum.
The cane toad simulacrum is moderately damaged.
The death yak bellows!
You slash the death yak!
The death yak is heavily wounded.
The death yak bellows!
The death yak closely misses you.
You strike the helpless death yak from behind!
You slash the death yak!
The death yak is heavily wounded.
The death yak barely misses you.
You hit the death yak.
The death yak is heavily wounded.
The cane toad simulacrum hits you!
* * * LOW HITPOINT WARNING * * *
The cane toad simulacrum freezes you. You resist.
* * * LOW HITPOINT WARNING * * *
You slash the death yak!
The death yak is severely wounded.
You slice the death yak!!
You kill the death yak!
The Council accepts your kill.
A freezing mist starts to gather...
A death yak simulacrum comes into view.
The cane toad simulacrum barely misses you.
You strike the helpless death yak simulacrum from behind!
You hit the death yak simulacrum.
The death yak simulacrum is lightly damaged.
You slash the death yak simulacrum!
The death yak simulacrum is severely damaged.
The death yak simulacrum gores you!
* * * LOW HITPOINT WARNING * * *
The death yak simulacrum freezes you!! You resist.
You die...

#.P.♣P.####.......###
##.P♣♣## ##.....####
#P♣♣♣ #♣......#.
#♣♣8# #........
#♣..#♣ #........
#8...♣ #........
##.8.## #....P###
##ZZ)+ #♣.....# #
♣@#.## #P....####
#....# #♣P....##..
#.##.# ♣P.........
#.P#.##♣..........
#..#..##..........
#)†##.##..........
#...#.###.........
#...#P.P#♣........
##'####.##........


You could see a death yak simulacrum (can't see you) and a cane toad simulacrum
(can't see you).

Vanquished Creatures
  A sphinx (D:14)
  Kirke (Lair:4)
  A broodmother (Lair:6)
  4 hydras
  Fannar (D:11)
  A death knight (D:15)
  5 two-headed ogres
  2 death yaks
  Amaemon (Lair:4)
  A phantasmal warrior (D:14)
  3 deep elf pyromancers
  2 ugly things
  A deep elf zephyrmancer (D:14)
  2 necromancers (Lair:6)
  2 cyclopes
  2 manticores
  10 elephants
  4 merfolk sirens (Lair:2)
  4 black mambas
  An orange demon (Lair:4)
  A gargoyle (D:7)
  A kobold demonologist (D:12)
  16 cane toads
  2 rime drakes
  A freezing wraith (D:14)
  11 komodo dragons
  3 unseen horrors
  An efreet (D:14)
  6 trolls
  A polar bear (Lair:5)
  2 hornets
  A tarantella (shapeshifter) (D:14)
  Prince Ribbit (D:9)
  5 blink frogs
  4 slime creatures (D:12)
  6 dream sheep (Lair:6)
  2 shadows (D:10)
  A culicivora (Lair:4)
  5 wraiths
  A yak (shapeshifter) (D:13)
  42 yaks
  Grum (Lair:1)
  A hog (Lair:4)
  Eustachio (D:5)
  2 steam dragons
  A death yak simulacrum (Lair:6)
  5 vampire mosquitoes
  A spectral cane toad (Lair:6)
  2 acid dragons
  3 water moccasins
  7 orc warriors
  A black bear (D:7)
  4 ice beasts
  10 wolves
  A phantom (D:6)
  14 centaurs
  4 kobold brigands
  17 bullfrogs
  A gnoll sergeant (D:10)
  3 scorpions (D:4)
  A cane toad simulacrum (Lair:6)
  18 wights
  10 killer bees
  7 electric eels (D:11)
  8 howler monkeys
  6 crimson imps (D:11)
  6 hounds
  16 orc priests
  4 jellies
  Ijyb (D:4)
  2 iguanas
  Natasha (D:4)
  22 orc wizards
  12 gnolls
  8 adders
  2 shadow imps
  4 white imps
  3 ufetubi
  3 worms
  2 dart slugs
  37 orcs
  10 endoplasms
  4 giant cockroaches
  6 goblins
  7 hobgoblins
  7 jackals
  5 quokkas
  4 ball pythons
  5 bats
  2 frilled lizards
  19 kobolds
  19 rats (D:3)
502 creatures vanquished.

Vanquished Creatures (collateral kills)
  Gastronok (D:8)
  3 centaurs (D:11)
  A killer bee (D:8)
5 creatures vanquished.

Vanquished Creatures (others)
  2 humans (Lair:4)
  A crimson imp (D:11)
  2 orc wizards
  An orc (D:11)
  30 fungi
  34 plants
  8 withered plants (Lair:6)
78 creatures vanquished.

Grand Total: 585 creatures vanquished

Notes
Turn   | Place    | Note
-------+----------+-------------------------------------------
     0 | D:1      | enile the Kobold Wanderer began the quest for the Orb.
     0 | D:1      | enile set off with the following items: a +0 dagger, 2
                  | throwing nets, a wand of polymorph (5), a scroll of
                  | teleportation, a +0 leather armour; and the following spell
                  | memorised: Sting; and the following spells available to
                  | memorise: Ignite Poison
     0 | D:1      | Reached XP level 1. HP: 12/12 MP: 4/4
   605 | D:1      | Reached XP level 2. HP: 15/17 MP: 0/6
  1247 | D:1      | Found Hiughett's Armour Boutique.
  1444 | D:1      | Reached XP level 3. HP: 19/22 MP: 3/7
  1796 | D:1      | Reached skill level 1 in Poison Magic
  2957 | D:2      | Reached XP level 4. HP: 16/28 MP: 3/8
  4306 | D:2      | Reached XP level 5. HP: 15/33 MP: 6/9
  5169 | D:3      | Identified the +1 cloak "Laoxkus" {Str+5}
  5320 | D:3      | Found a faded altar of an unknown god.
  5363 | D:3      | Prayed at the altar of an unknown god.
  5363 | D:3      | Became a worshipper of the Wu Jian Council
  5363 | D:3      | Reached * piety under Wu Jian
  5504 | D:3      | Found a snail-covered altar of Cheibriados.
  5504 | D:3      | Found a sacrificial altar of Ru.
  5512 | D:3      | Found a white marble altar of Elyvilon.
  5519 | D:3      | Found a hide-covered altar of Uskayaw.
  5755 | D:3      | Found a basalt altar of Yredelemnul.
  5808 | D:4      | Reached XP level 6. HP: 38/38 MP: 7/10
  5838 | D:4      | Learned a level 3 spell: Ignite Poison
  5919 | D:4      | Reached skill level 1 in Transmutations
  5944 | D:4      | Noticed Natasha
  5958 | D:4      | Killed Natasha
  6037 | D:4      | Reached skill level 1 in Fire Magic
  6096 | D:4      | Reached XP level 7. HP: 43/43 MP: 6/11
  6720 | D:4      | Noticed Ijyb
  6726 | D:4      | Killed Ijyb
  7097 | D:4      | Found an ornate altar of the Wu Jian Council.
  7178 | D:4      | Found Acacut's Jewellery Shoppe.
  7647 | D:5      | Entered Level 5 of the Dungeon
  7672 | D:5      | Reached skill level 5 in Fighting
  7794 | D:5      | Reached skill level 1 in Short Blades
  8417 | D:5      | Found a bloodstained altar of Trog.
  8424 | D:5      | Noticed Eustachio
  8452 | D:5      | Killed Eustachio
  8453 | D:5      | Reached XP level 8. HP: 49/49 MP: 13/13
  8490 | D:5      | Found Vytirgh's Magic Scroll Boutique.
  8499 | D:5      | Bought a scroll of enchant weapon for 90 gold pieces
  8499 | D:5      | Bought a scroll of summoning for 114 gold pieces
  8499 | D:5      | Bought a scroll of teleportation for 36 gold pieces
  8618 | D:5      | Got the Handbook of Conjuration
  9570 | D:5      | Reached ** piety under Wu Jian
  9856 | D:6      | Reached skill level 5 in Poison Magic
 10007 | D:6      | Found Othub's Jewellery Shoppe.
 10025 | D:6      | Found Jeniz's Antique Armour Shop.
 10030 | D:6      | Bought an embroidered robe for 88 gold pieces
 10088 | D:6      | Reached skill level 5 in Short Blades
 10416 | D:6      | Found Zewn's Jewellery Emporium.
 10615 | D:6      | Reached skill level 2 in Evocations
 10801 | D:6      | Found Urghoexoa's Antique Armour Emporium.
 10844 | D:6      | Found For Ont's Book Boutique.
 10957 | D:6      | Reached skill level 3 in Evocations
 10998 | D:7      | Reached XP level 9. HP: 27/55 MP: 7/15
 11352 | D:6      | Reached skill level 4 in Evocations
 11404 | D:6      | Found a staircase to the Ecumenical Temple.
 11489 | D:6      | Reached skill level 5 in Evocations
 11615 | D:6      | Found a glowing golden altar of the Shining One.
 12467 | D:7      | Noticed a gargoyle
 12506 | D:7      | Reached skill level 1 in Stealth
 12637 | Temple   | Entered the Ecumenical Temple
 13158 | D:7      | Reached *** piety under Wu Jian
 13432 | D:7      | Noticed a cyclops
 13469 | D:7      | Reached skill level 6 in Evocations
 13811 | D:8      | Found a runed translucent gate.
 13861 | D:8      | Found a runed translucent gate.
 13861 | D:8      | Found an opulent altar of Gozag.
 13862 | D:8      | Found a runed translucent gate.
 13867 | D:8      | Noticed a two-headed ogre
 13872 | D:8      | Killed a two-headed ogre
 13873 | D:8      | Reached skill level 7 in Evocations
 13873 | D:8      | Reached skill level 5 in Spellcasting
 13873 | D:8      | Reached XP level 10. HP: 61/61 MP: 17/17
 13888 | D:8      | Paralysed by a hornet for 2 turns
 14079 | D:8      | Found an opulent altar of Gozag.
 14357 | D:8      | Found Gozag's Platinum Reserve.
 14863 | D:8      | Noticed Gastronok
 14916 | D:8      | Killed Gastronok
 15335 | D:8      | Reached XP level 11. HP: 34/68 MP: 6/18
 15856 | D:9      | Reached **** piety under Wu Jian
 16167 | D:9      | Reached skill level 1 in Long Blades
 16316 | D:9      | Noticed Prince Ribbit
 16486 | D:9      | Killed Prince Ribbit
 16589 | D:9      | Found Vueffao Xeac's General Store.
 17607 | D:9      | Reached skill level 5 in Transmutations
 17895 | D:10     | Entered Level 10 of the Dungeon
 18057 | D:10     | Found Zast's Mayhem Merchandise.
 18485 | D:10     | Noticed a manticore
 18489 | D:10     | Killed a manticore
 18829 | D:10     | Found a blossoming altar of Fedhas.
 18954 | D:10     | Reached skill level 8 in Evocations
 19227 | D:10     | Reached skill level 9 in Evocations
 19329 | D:10     | Noticed a cyclops
 19336 | D:10     | Killed a cyclops
 19587 | D:10     | Reached XP level 12. HP: 34/76 MP: 11/19
 19937 | D:11     | Reached skill level 5 in Fire Magic
 21139 | D:11     | Reached skill level 1 in Armour
 21192 | D:11     | Reached ***** piety under Wu Jian
 21412 | D:11     | Found a staircase to the Lair.
 21583 | D:11     | You fall into a shaft and drop 3 floors!
 21608 | D:14     | Found Hepaeme's General Store.
 21609 | D:14     | Noticed a boulder beetle
 21611 | D:14     | Found Waus's Specific Store.
 21621 | D:14     | Bought a scroll of identify for 32 gold pieces
 21621 | D:14     | Bought a scroll of identify for 32 gold pieces
 21685 | D:14     | Noticed a five-headed hydra
 21872 | D:13     | Reached skill level 10 in Dodging
 21872 | D:13     | Reached skill level 1 in Maces & Flails
 22178 | D:13     | You fall into a shaft and drop 2 floors!
 22178 | D:15     | Entered Level 15 of the Dungeon
 22271 | D:15     | Noticed a death knight
 22292 | D:15     | Killed a death knight
 22342 | D:15     | Noticed a centaur warrior
 22416 | D:14     | Noticed a sphinx
 22436 | D:14     | Noticed a centaur warrior
 22637 | D:14     | Killed a sphinx
 22701 | D:14     | Noticed a deep troll earth mage
 22794 | D:14     | Reached skill level 5 in Maces & Flails
 22809 | D:14     | Reached XP level 13. HP: 46/80 MP: 6/22
 22828 | D:14     | Noticed a four-headed hydra
 22851 | D:13     | Noticed Sonja
 23076 | D:12     | Reached skill level 10 in Evocations
 23450 | D:12     | Reached skill level 10 in Fighting
 24398 | D:11     | Found a staircase to the Orcish Mines.
 24548 | Lair:1   | Entered Level 1 of the Lair of Beasts
 24548 | Lair:1   | Noticed Fannar
 24557 | Lair:1   | Noticed an eight-headed hydra
 24574 | D:11     | Killed Fannar
 25098 | D:12     | Identified the +1 quarterstaff of the Lamprey {pain, rPois
                  | rF+ rN+ Will+}
 25891 | D:12     | Noticed Rupert
 26403 | Lair:1   | Killed an eight-headed hydra
 26668 | Lair:1   | Noticed Grum
 26690 | Lair:1   | Killed Grum
 26904 | Lair:1   | Reached skill level 10 in Stealth
 27820 | D:6      | Bought the ring of Deuneka {+Blink rPois Will+} for 594
                  | gold pieces
 28086 | Lair:2   | Noticed a seven-headed hydra
 28095 | Lair:2   | Killed a seven-headed hydra
 28096 | Lair:2   | Reached skill level 11 in Evocations
 28096 | Lair:2   | Reached XP level 14. HP: 26/90 MP: 4/23
 28742 | Lair:2   | Reached skill level 12 in Evocations
 28764 | Lair:2   | Found a staircase to the Shoals.
 29466 | Lair:3   | You fall into a shaft and drop 1 floor!
 29526 | Lair:4   | Found an iron altar of Okawaru.
 29835 | Lair:4   | Identified the +11 falchion of Diet Blood {vorpal, +Blink
                  | rElec rCorr}
 31678 | Lair:4   | Found a hole to the Spider Nest.
 31993 | Lair:4   | Noticed Amaemon
 32008 | Lair:4   | Killed Amaemon
 32131 | Lair:4   | Noticed Kirke
 32148 | Lair:4   | Killed Kirke
 33947 | Lair:6   | Entered Level 6 of the Lair of Beasts
 34480 | Lair:6   | Noticed a broodmother
 34480 | Lair:6   | a six-headed hydra changed into a broodmother
 34662 | Lair:6   | Killed a broodmother
 35071 | Lair:6   | Reached XP level 15. HP: 79/79 MP: 24/24
 35324 | Lair:6   | Found a staircase to the Slime Pits.
 35457 | Lair:6   | HP: 2/80 [spore (22)]
 35458 | Lair:6   | Reached skill level 13 in Evocations
 36045 | Lair:6   | Reached skill level 14 in Evocations
 36061 | Lair:6   | Mangled by a death yak simulacrum

Illustrated notes

Levels and vault maps discovered:
D:1:      pf_arrival_petrified_forest, layout_basic, serial_shops, shop,
          minmay_cut_off
D:2:      layout_loops_corners
D:3:      layout_basic, marbit_many_paths, grunt_temple_overflow_open,
          shapermc_ecumenical_altar_starsandcircs, minmay_rat_hole
D:4:      layout_cave_pods, lemuel_coloured_pillars_altar, serial_shops,
          nicolae_shop_hallway_stairs, minmay_bent, uniq_ijyb, uniq_natasha
D:5:      layout_basic, overflow_temple_1_default, nicolae_wooded_promenade,
          kennysheep_nondescript, uniq_eustachio
D:6:      layout_basic, mainiacjoe_overflow_catwalk, minmay_temple_entry_glass,
          serial_shops, shop, shop, shop, nicolae_shop_statue_plus, shop
D:7:      layout_basic
D:8:      minmay_four_partial_circles, layout_gridville,
          nicolae_gozag_zags_fifth_avenue, ebering_ghost_gozag, uniq_gastronok
D:9:      layout_stronghold, serial_shops, nicolae_diamond_shop,
          chequers_garden, uniq_prince_ribbit1
D:10:     layout_roguey, kennysheep_mini, st_stairs_9, minmay_shop_mayhem,
          abandoned_shop
D:11:     layout_stronghold, erik_lair_island, erik_orc_2, minmay_nine_imps
D:12:     layout_basic, serial_rivers, chequers_serial_rivers_micro_c,
          chequers_serial_rivers_micro_d, chequers_serial_rivers_micro_b,
          chequers_serial_rivers_small_3, uniq_rupert
D:13:     layout_basic, uniq_sonja
D:14:     minmay_shrinking_squares, layout_irregular_city, david_vaults_1,
          minmay_misc_feat_four_crosses, nicolae_specific_store, uniq_josephine
D:15:     hangedman_spin_cycle, uniq_agnes
Temple:   nicolae_temple_hex_pool
Lair:1:   layout_loops_ring, serial_bayou_shore_b, uniq_grum, uniq_fannar
Lair:2:   layout_roguey, elwin_shoals_entry_stream, cheibrodos_lair_reptile_den,
          lemuel_fruit_fields, grunt_megastairs_3, serial_bayou_shore_a,
          lemuel_fruit_tree
Lair:3:   layout_small_grid, grunt_forest_stairs_basic, minivault_27
Lair:4:   layout_regular_city, hellmonk_spider_entry_life_and_decay,
          basic_altar, beast_lair_carwin_11, infiniplex_staircase_pool_2,
          grunt_megastairs_5, serial_bayou_shore_b, uniq_kirke, uniq_amaemon
Lair:5:   layout_cellular_growth, grunt_megastairs_4
Lair:6:   due_jungle_book, layout_cellular_growth, slime_dummy,
          serial_bayou_shore_b

Skill      XL: |  1  2  3  4  5  6  7  8  9 10 11 12 13 14 15 |
---------------+----------------------------------------------+-----
Fighting       | 2 3 4 5 6 8 9 11 12 | 12.0
Poison Magic   | 1 2 3 4 5 6 7 8 |  8.0
Transmutations | 2 3 4 5 |  5.0
Fire Magic     | 2 3 4 7 8 |  8.0
Short Blades   | 3 5 6 |  6.5
Spellcasting   | 4 5 6 |  6.0
Evocations     | 3 7 9 11 12 14 | 14.0
Stealth        | 4 6 8 10 11 | 11.0
Dodging        | 7 9 10 12 | 12.0
Long Blades    | 2 4 |  4.6
Armour         | 2 |  2.0
Maces & Flails | 5 6 |  6.0

Action                   |  1- 3 |  4- 6 |  7- 9 | 10-12 | 13-15 || total
-------------------------+-------+-------+-------+-------+-------++-------
Melee: Dagger            |    77 |   134 |    20 |    65 |       ||   296
       Punch             |       |     1 |     4 |     3 |       ||     8
       Short sword       |       |       |   135 |   144 |       ||   279
       Scimitar          |       |       |       |    23 |       ||    23
       Morningstar       |       |       |       |   148 |   318 ||   466
       Falchion          |       |       |       |       |   249 ||   249
       Unarmed           |       |       |       |       |     7 ||     7
Throw: Throwing net      |       |     3 |     1 |     1 |       ||     5
       Dart              |       |       |       |     1 |    11 ||    12
 Cast: Sting             |    55 |    71 |   168 |   301 |   173 ||   768
       Ignite Poison     |       |       |    50 |    51 |    31 ||   132
Invok: Lunge             |       |     1 |     1 |    21 |    29 ||    52
       Whirlwind         |       |       |     3 |    16 |    24 ||    43
       Serpent's Lash    |       |       |       |     5 |    12 ||    17
       Heavenly Storm    |       |       |       |     1 |       ||     1
 Abil: Evoke Invisibilit |       |     1 |       |       |     6 ||     7
       Wall Jump         |       |       |       |     3 |     3 ||     6
       Evoke Blink       |       |       |       |       |    18 ||    18
Evoke: Wand              |       |       |     8 |    49 |    39 ||    96
       Phial of floods   |       |       |       |       |     1 ||     1
  Use: Scroll            |     1 |     6 |     9 |    15 |     9 ||    40
       Potion            |       |     1 |     3 |     3 |     4 ||    11
 Stab: Sleeping          |     5 |     2 |     1 |    19 |    26 ||    53
       Distracted        |       |       |       |       |     4 ||     4
       Invisible         |       |       |       |       |     4 ||     4
Armor: Leather armour    |    25 |    46 |    27 |       |       ||    98
       Robe              |       |       |    23 |    53 |       ||    76
       Troll leather arm |       |       |       |    26 |   146 ||   172
       Skin              |       |       |       |       |    20 ||    20
Dodge: Dodged            |    84 |   182 |   217 |   597 |   744 ||  1824

Table legend: (Time is in decaauts)
 A = Elapsed time spent in this place.
 B = Non-inter-level travel time spent in this place.
 C = Inter-level travel time spent in this place.
 D = Time resting spent in this place.
 E = Time spent auto-exploring this place.
 F = Levels seen in this place.
 G = Mean time per level.
                   A        B        C        D        E       F      G
               +--------+--------+--------+--------+--------+-----+--------+
         Total |  36632 |  35097 |   1535 |   4524 |  25112 |  22 | 1665.1 |
       Dungeon |  26887 |  25691 |   1196 |   3063 |  18871 |  15 | 1792.5 |
        Temple |      1 |      1 |      0 |      0 |      0 |   1 |    1.0 |
          Lair |   9743 |   9404 |    339 |   1460 |   6241 |   6 | 1623.8 |
               +--------+--------+--------+--------+--------+-----+--------+

Top non-repeatable levels by time:
    D:11: 2713 daAuts
     D:2: 2353 daAuts
    D:12: 2307 daAuts
     D:9: 2240 daAuts
  Lair:5: 2224 daAuts
    D:10: 2191 daAuts
     D:7: 2183 daAuts
     D:4: 2136 daAuts
     D:8: 2128 daAuts
     D:6: 2024 daAuts
     D:1: 1996 daAuts
     D:5: 1757 daAuts
  Lair:6: 1725 daAuts
  Lair:2: 1637 daAuts
  Lair:1: 1586 daAuts
